 Dungeon Crawl Stone Soup version 0.23.0-2-g0fe3ce5 (webtiles) character file.

Game seed: 4368591364602369607

506 puppykicker the Ogre Mage (level 7, -4/60 HPs)
             Began as an Ogre Wizard on Feb 19, 2019.
             Was a Follower of Hepliaklqana.
             Slain by an orc wizard
             ... wielding a +0 dagger of electrocution
              (16 damage)
             ... on level 4 of the Dungeon.
             The game lasted 00:11:35 (3808 turns).

puppykicker the Ogre Mage (Ogre Wizard)             Turns: 3808, Time: 00:11:36

Health: -4/60      AC:  5    Str: 14    XL:     7   Next: 18%
Magic:  7/13       EV: 10    Int: 19    God:    Hepliaklqana [*.....]
Gold:   143        SH:  0    Dex:  7    Spells: 3/14 levels left

rFire    . . .     SeeInvis .   a - +0 giant club
rCold    . . .     Gourm    .   (shield currently unavailable)
rNeg     . . .     Faith    .   v - +2 robe {MR+}
rPois    .         Spirit   .   j - +0 hat
rElec    .         Reflect  .   (no cloak)
rCorr    .         Harm     .   (gloves unavailable)
MR       +....                  (boots unavailable)
Stlth    +.........             (no amulet)
HPRegen  0.20/turn              (no ring)
MPRegen  0.13/turn              (no ring)

@: no status effects
A: large, unfitting armour, reduced essence, tough skin 1
a: Recall Ancestor, Ancestor Identity, Renounce Religion


You were on level 4 of the Dungeon.
You worshipped Hepliaklqana.
Hepliaklqana was aware of your devotion.
You were not hungry.

You visited 1 branch of the dungeon, and saw 4 of its levels.

You collected 143 gold pieces.


Innate Abilities, Weirdness & Mutations

You are too large for most types of armour.
You have tough skin. (AC +1)
Your life essence is reduced to manifest your ancestor. (-10% HP)


   Skills:
 + Level 3.3 Fighting
 * Level 3.2 Maces & Flails
 + Level 2.1 Throwing
 - Level 1.7 Dodging
 - Level 1.4 Stealth
 - Level 4.0 Spellcasting
 + Level 2.4 Conjurations
 + Level 2.2 Summonings
 + Level 2.2 Translocations
 + Level 0.5 Fire Magic
 + Level 0.5 Air Magic
 + Level 0.4 Poison Magic


You had 3 spell levels left.
You knew the following spells:

 Your Spells              Type           Power        Failure   Level  Hunger
a - Magic Dart            Conj           ##..         4%          1    None
b - Conjure Flame         Conj/Fire      #.......     22%         3    ###....
c - Mephitic Cloud        Conj/Pois/Air  #.......     26%         3    ###....
e - Call Imp              Summ           ##......     9%          2    ##.....
p - Blink                 Tloc           N/A          9%          2    ##.....

Your spell library contained the following spells:

 Spells                   Type           Power        Failure   Level  Hunger
 Slow                     Hex            #.......     21%         2    ##.....

Inventory:

Hand Weapons
 a - a +0 giant club (weapon)
 b - a +4 hunting sling of freezing
 t - a +0 mace
Missiles
 k - 8 sling bullets
 q - 3 needles of confusion
Armour
 j - a +0 hat (worn)
 v - a +2 robe of magic resistance (worn)
Scrolls
 c - 2 scrolls of magic mapping
 i - a scroll of blinking
 m - a scroll of remove curse
 n - a scroll of teleportation
 r - a scroll of fear {unknown}
 s - a scroll of enchant weapon
 u - a scroll of random uselessness {unknown}
 w - a scroll of amnesia {unknown}
Potions
 e - 2 potions of invisibility
 f - 2 potions of might
 g - 3 potions of ambrosia {unknown}
 l - 2 potions of curing
 o - a potion of mutation {!q}
 p - a potion of brilliance {unknown}
Comestibles
 d - 5 rations
 h - 6 chunks of flesh {@w1}

Dungeon Overview and Level Annotations

Branches:
Dungeon (4/15)
 Temple: D:4-7

Altars:
Elyvilon
Fedhas
Gozag
Hepliaklqana
Nemelex Xobeh
Okawaru
Sif Muna
Wu Jian

Annotations:
D:4 Dowan, Duvessa, Menkaure

..........# ########
...........#####.....##
#........o...........##
+....................##
##.....o...e.....)....##
.........M...Re..†....÷.
......................##
.....[................#
.......@o.....(.....###
....................#
############........#
##########


You could see the friendly your gay dad the ancestor, Duvessa, Menkaure, Dowan,
an orc wizard and 2 orcs.


Message History

The puff of frost hits you!
* * * LOW HITPOINT WARNING * * *
Menkaure calls on the powers of darkness!
Something is bathed in an unholy light!
Dowan convulses!
Duvessa convulses!
Something is bathed in an unholy light!
The orc wizard convulses!
Your body is wracked with pain!
* * * LOW HITPOINT WARNING * * *
Dowan casts a spell at Duvessa.
Duvessa seems to speed up.
Things that are here:
a +0 short sword; an orc corpse You blink.
An orc comes into view. It is wielding a +0 mace.
Dowan hits your gay dad with a +0 dagger.
Unknown command.
You blink.
Your gay dad hits Duvessa.
Found a leather armour and a ration.
Found an escape hatch in the ceiling.
Unknown command.
You blink.
Duvessa hits your gay dad with a +0 short sword.
Unknown command.
Something hits your gay dad.
Unknown command.
An orc comes into view. It is wielding a +0 short sword.
Something hits your gay dad.
There is an escape hatch in the ceiling here.
Unknown command.
The orc wizard hits you but does no damage.
You are electrocuted!
You die...

Action                   |  1- 3 |  4- 6 |  7- 9 || total
-------------------------+-------+-------+-------++-------
Melee: Mace              |    10 |    47 |       ||    57
       Giant club        |       |    21 |    22 ||    43
 Fire: Hunting sling     |    54 |    33 |       ||    87
 Cast: Magic Dart        |     4 |     6 |       ||    10
       Call Imp          |       |    16 |       ||    16
       Blink             |       |     1 |     3 ||     4
Invok: Ancestor Identity |       |     1 |       ||     1
       Recall Ancestor   |       |     1 |       ||     1
  Use: Scroll            |     4 |     5 |       ||     9
 Stab: Sleeping          |     2 |       |       ||     2
       Distracted        |       |       |     1 ||     1
  Eat: Chunk             |       |     8 |     1 ||     9
Armor: Robe              |     5 |    32 |     9 ||    46
Dodge: Dodged            |    20 |    66 |    13 ||    99

Levels and vault maps discovered:
D:1:      onia_arrival_pentagram, layout_loops_ring, grunt_decor_arrowhead,
          minmay_misc_feat_alley
D:2:      layout_loops_ring, okawaru_trees_2, gammafunk_temple_overflow_claw,
          grunt_gozag_breadcrumbs, uniq_robin
D:3:      layout_loops_cross, grunt_temple_overflow_open, serial_glass,
          glass_columns_b, glass_columns_a, uniq_sigmund
D:4:      minmay_wonky_spiral, layout_basic, minmay_temple_entry_tees,
          first_ration, uniq_menkaure, uniq_duvessa

Notes
Turn   | Place    | Note
-------+----------+-------------------------------------------
     0 | D:1      | puppykicker the Ogre Wizard began the quest for the Orb.
     0 | D:1      | Reached XP level 1. HP: 16/16 MP: 5/5
     9 | D:1      | Reached skill level 1 in Conjurations
   164 | D:1      | Reached XP level 2. HP: 17/26 MP: 6/6
   173 | D:1      | Learned a level 2 spell: Blink
   176 | D:1      | Learned a level 2 spell: Call Imp
   307 | D:1      | Reached skill level 1 in Fighting
   312 | D:1      | Reached skill level 1 in Maces & Flails
   353 | D:1      | Reached skill level 1 in Summonings
   353 | D:1      | Reached skill level 1 in Translocations
   365 | D:1      | Reached XP level 3. HP: 33/33 MP: 8/8
   858 | D:2      | Found an opulent altar of Gozag.
   864 | D:2      | Noticed Robin
   866 | D:2      | Reached skill level 4 in Spellcasting
   870 | D:2      | Killed Robin
   870 | D:2      | Reached XP level 4. HP: 31/42 MP: 10/10
  1688 | D:2      | Found an iron altar of Okawaru.
  1896 | D:2      | Reached skill level 2 in Fighting
  2005 | D:2      | Found a blossoming altar of Fedhas.
  2005 | D:2      | Found an ornate altar of the Wu Jian Council.
  2006 | D:2      | Found a hazy altar of Hepliaklqana.
  2013 | D:2      | Became a worshipper of Hepliaklqana the Forgotten
  2266 | D:3      | Reached skill level 2 in Maces & Flails
  2266 | D:3      | Reached XP level 5. HP: 40/44 MP: 11/11
  2349 | D:3      | Noticed an ogre
  2408 | D:3      | Killed an ogre
  2408 | D:3      | Reached skill level 1 in Throwing
  2639 | D:3      | Noticed Sigmund
  2709 | D:3      | Killed Sigmund
  2709 | D:3      | Reached skill level 3 in Fighting
  2709 | D:3      | Reached skill level 2 in Conjurations
  2709 | D:3      | Reached skill level 2 in Translocations
  2709 | D:3      | Reached XP level 6. HP: 15/54 MP: 2/12
  2935 | D:3      | Reached skill level 2 in Summonings
  2951 | D:3      | Learned a level 3 spell: Conjure Flame
  2955 | D:3      | Learned a level 3 spell: Mephitic Cloud
  3029 | D:3      | Found a deep blue altar of Sif Muna.
  3037 | D:3      | Found a sparkling altar of Nemelex Xobeh.
  3038 | D:3      | Found a white marble altar of Elyvilon.
  3592 | D:4      | Reached skill level 3 in Maces & Flails
  3609 | D:4      | Reached skill level 2 in Throwing
  3609 | D:4      | Reached XP level 7. HP: 48/60 MP: 5/13
  3795 | D:4      | Noticed Duvessa
  3798 | D:4      | Noticed Dowan
  3798 | D:4      | Noticed Menkaure
  3804 | D:4      | Reached * piety under Hepliaklqana
  3808 | D:4      | Slain by an orc wizard

Vanquished Creatures
  Sigmund (D:3)
  A centaur skeleton (D:4)
  A gnoll shaman (D:4)
  Robin (D:2)
  2 gnolls (D:4)
  2 adders
  4 dart slugs
  5 leopard geckos
  An orc (D:4)
  A ball python (D:1)
  7 bats
  A giant cockroach (D:1)
  13 goblins
  9 hobgoblins
  2 jackals (D:2)
  3 kobolds
  A frilled lizard (D:1)
  11 rats
66 creatures vanquished.

Vanquished Creatures (collateral kills)
  An ogre (D:3)
  A crimson imp (D:3)
  A bullfrog skeleton (D:4)
  A worker ant (D:4)
  3 gnolls (D:4)
  A leopard gecko (D:4)
  A giant cockroach (D:3)
  2 hobgoblins
  A jackal (D:2)
  A quokka (D:3)
  A bat (D:3)
  A goblin (D:2)
  3 kobolds (D:3)
18 creatures vanquished.

Vanquished Creatures (others)
  3 ancestors (D:3)
3 creatures vanquished.

Grand Total: 87 creatures vanquished
